 Dungeon Crawl Stone Soup version 0.20-a0-32-gb8e7c72 (webtiles) character file.

119 tacz the Skirmisher (level 4, -3/40 HPs)
             Began as a Draconian Fighter on Nov 8, 2016.
             Killed by nerve-wracking pain
             ... invoked by a shadow imp
             ... summoned by Eustachio
              (10 damage)
             ... on level 4 of the Dungeon.
             The game lasted 00:15:05 (3040 turns).

tacz the Skirmisher (Draconian Fighter)             Turns: 3040, Time: 00:15:05

Health: -3/40      AC:  7    Str: 19      XL:     4   Next: 74%
Magic:  4/4        EV: 10    Int: 10      God:
Gold:   143        SH:  9    Dex: 10 (11) Spells: 0 memorised, 3 levels left

rFire  . . .     SeeInvis .     o - +4 hand axe (flame)
rCold  + . .     Gourm    .     (armour unavailable)
rNeg   . . .     Faith    .     b - +0 shield
rPois  .         Spirit   .     (helmet restricted)
rElec  .         Reflect  .     e - +0 cloak
rCorr  .         Harm     .     g - +0 pair of gloves
MR     .....                    (no boots)
Stlth  ++........               (no amulet)
                                (no ring)
                                j - ring of protection from cold

@: no status effects
A: unfitting armour, stinger 1, camouflage 1, clever 1, cold-blooded, AC +5
a: no special abilities


You were on level 4 of the Dungeon.
You were not hungry.

You visited 1 branch of the dungeon, and saw 4 of its levels.

You collected 143 gold pieces.

Inventory:

Hand Weapons
 o - a +4 hand axe of flaming (weapon)
Missiles
 c - a steel javelin (quivered)
 k - a tomahawk
Armour
 b - a +0 shield (worn)
 e - a +0 cloak (worn)
 g - a +0 pair of gloves (worn)
Jewellery
 j - a ring of protection from cold (left hand)
Scrolls
 a - a scroll of fear
 l - a scroll of magic mapping
Comestibles
 d - 2 bread rations
 f - 7 meat rations
 i - 3 royal jellies


   Skills:
 + Level 3.8 Fighting
 + Level 3.1 Axes
 + Level 1.0 Throwing
 + Level 3.3 Dodging
 + Level 0.8 Stealth
 + Level 3.5 Shields


You had 3 spell levels left.
You didn't know any spells.

Dungeon Overview and Level Annotations

Branches:
Dungeon (4/15)
 Temple: D:4-7

Altars:
Okawaru

Annotations:
D:4 Eustachio


Innate Abilities, Weirdness & Mutations

Your plain brown scales are hard. (AC +5)
You cannot fit into any form of body armour.
You are cold-blooded and may be slowed by cold attacks.
Your tail ends in a poisonous barb.
Your skin changes colour to match your surroundings (Stealth+).
Your mind is acute. (Int +2)


Message History

You burn the rat.
You kill the rat!
The rat's corpse disappears in a puff of smoke!
You block the quasit's attack.
The quasit claws you but does no damage.
The quasit barely misses you.
The crimson imp blinks!
The quasit barely misses you. x2; You block the quasit's attack.
Eustachio casts a spell.
Eustachio blinks!
You closely miss the shadow imp. You hit the river rat. You burn the river rat.
You miss the quasit. The quasit bites you.
* * * LOW HITPOINT WARNING * * *
You feel clumsy. The quasit closely misses you. You block the quasit's attack.
The river rat closely misses you. The shadow imp barely misses you.
The quasit barely misses you. You block the quasit's attack.
The quasit barely misses you. The river rat barely misses you.
The shadow imp gestures at you. Pain shoots through your body!
You die...

#........###..# #
#.##.##..# ...
#.#.##.##..# .
#......###...
###...## #####
###.#######
#..5..ยง.!.#
#.#(..r...#
###.#...5@5.###
#..............#
#.##.##...@......#
#. #..........#
#......#####..#
.....#># ....
####.#.# ....
#.#.# .### #.#.#


You could see Eustachio, a quasit, a crimson imp, a river rat and a shadow imp.

Vanquished Creatures
  5 adders
  An ooze (D:1)
  4 worms (D:2)
  A dart slug (D:2)
  A leopard gecko (D:2)
  10 bats
  3 giant cockroaches
  4 goblins
  4 hobgoblins
  14 kobolds
  A quokka (D:2)
  3 frilled lizards
  7 rats
58 creatures vanquished.

Notes
Turn   | Place    | Note
-------+----------+-------------------------------------------
     0 | D:1      | tacz the Draconian Fighter began the quest for the Orb.
     0 | D:1      | Reached XP level 1. HP: 19/19 MP: 1/1
   175 | D:1      | Reached XP level 2. HP: 26/26 MP: 2/2
   839 | D:2      | Reached XP level 3. HP: 9/33 MP: 3/3
   847 | D:2      | Gained mutation: Your mind is acute. (Int +2) [potion of mutation]
   847 | D:2      | Gained mutation: Your tail ends in a poisonous barb. [potion of mutation]
   847 | D:2      | Gained mutation: Your skin changes colour to match your surroundings (Stealth+). [potion of mutation]
   856 | D:2      | HP: 1/33 [poisoned by an adder]
  1535 | D:2      | Reached XP level 4. HP: 37/40 MP: 4/4
  1761 | D:2      | Reached skill level 1 in Throwing
  2730 | D:3      | Found an iron altar of Okawaru.
  3009 | D:4      | Noticed Eustachio
  3040 | D:4      | Killed from afar by a shadow imp

Vault maps used:
D:1:      dpeg_arrival_rooms_a
D:2:      st_stairs_5
D:3:      okawaru_ov_weapons_minmay
D:4:      eino_tiny_chamber, kennysheep_decorative_pillar, grunt_decor_cap,
          kennysheep_path_1, uniq_robin, uniq_blork_the_orc, uniq_eustachio

Skill      XL: |  1  2  3  4 |
---------------+-------------+-----
Dodging        | 3 |  3.3
Throwing       | 1 |  1.0
Axes           | 3 |  3.1
Fighting       | |  3.8
Stealth        | |  0.8
Shields        | |  3.5

Action                   |  1- 3 |  4- 6 || total
-------------------------+-------+-------++-------
Melee: War axe           |   117 |    53 ||   170
       Tailslap          |    11 |     7 ||    18
       Hand axe          |       |    27 ||    27
Throw: Tomahawk          |     8 |     3 ||    11
       Javelin           |       |     7 ||     7
  Use: Potion            |     5 |     2 ||     7
       Scroll            |     1 |     8 ||     9
 Stab: Sleeping          |     1 |     2 ||     3
  Eat: Meat ration       |     1 |       ||     1
       Bread ration      |       |     1 ||     1
Armor: Skin              |    52 |    36 ||    88
Dodge: Dodged            |    86 |    52 ||   138
Block: Shield            |    71 |    48 ||   119
